 Dungeon Crawl Stone Soup version 0.21.1-1-g345015f (webtiles) character file.

2769 tidbits the Martial Artist (level 9, -6/68 HPs)
             Began as a Gnoll Transmuter on June 17, 2018.
             Was a Believer of Cheibriados.
             Mangled by a centaur (9 damage)
             ... on level 11 of the Dungeon.
             The game lasted 00:18:23 (1407 turns).

tidbits the Martial Artist (Gnoll Transmuter)       Turns: 1407, Time: 00:18:24

Health: -6/68      AC:  2    Str: 14 (16) XL:     9   Next: 69%
Magic:  17/19      EV: 26    Int: 22 (23) God:    Cheibriados [**....]
Gold:   306        SH:  4    Dex: 21 (25) Spells: 10/21 levels left

rFire    . . .     SeeInvis .     - Unarmed
rCold    . . .     Gourm    .   (shield currently unavailable)
rNeg     . . .     Faith    .   (armour currently unavailable)
rPois    x         Spirit   .   (helmet currently unavailable)
rElec    .         Reflect  +   (cloak currently unavailable)
rCorr    +         Harm     .   (gloves currently unavailable)
MR       .....                  (boots currently unavailable)
Stlth    ++........             k - +4 amulet of reflection
HPRegen  0.21/turn              o - ring of resist corrosion
MPRegen  0.16/turn              y - ring of loudness (curse)

@: spider-form, very slow
A: tiny, distributed training, strong nose
a: End Transformation, Bend Time, Renounce Religion


You were on level 11 of the Dungeon.
You worshipped Cheibriados.
Cheibriados was pleased with you.
You were not hungry.
You were a venomous arachnid creature.
You visited 2 branches of the dungeon, and saw 12 of its levels.

You collected 306 gold pieces.

Inventory:

Hand Weapons
 a - a +0 dagger
 l - a +0 hand crossbow
 p - a +0 hunting sling
 r - a +1 falchion of electrocution (melded)
   (You took it off an orc on level 3 of the Dungeon)
 C - a +0 dagger
 F - a +0 broad axe
Missiles
 q - 88 arrows
 u - 2 steel javelins (quivered)
 x - a tomahawk
Armour
 b - a +0 robe (melded)
 D - a +0 buckler (melded)
 G - a +0 pair of gloves (melded)
Jewellery
 k - a +4 amulet of reflection (around neck)
   (You found it on level 2 of the Dungeon)
 o - a ring of resist corrosion (left front leg)
   (You found it on level 2 of the Dungeon)
 v - an uncursed ring of teleportation
   (You found it on level 5 of the Dungeon)
 y - a cursed ring of loudness (right front leg)
   (You found it on level 6 of the Dungeon)
 B - an uncursed amulet of the gourmand
   (You found it on level 10 of the Dungeon)
Wands
 z - a wand of enslavement (2)
Scrolls
 g - a scroll of random uselessness {unknown}
 h - a scroll of amnesia
 j - 3 scrolls of magic mapping
 m - a scroll of teleportation
 n - 3 scrolls of remove curse
 w - a scroll of immolation {unknown}
 E - 2 scrolls of blinking {unknown}
Potions
 t - 2 potions of brilliance
 A - a potion of lignification {unknown}
 H - a potion of might {unknown}
Books
 d - a book of Changes

   Spells                             Type                      Level
   a - Beastly Appendage              Transmutation                1
   b - Sticks to Snakes               Transmutation                2
   c - Spider Form                    Transmutation/Poison         3
   d - Ice Form                       Ice/Transmutation            4
   e - Blade Hands                    Transmutation                5
Comestibles
 c - 3 rations


   Skills:
 + Level 5.2 Fighting
 + Level 4.4 Short Blades
 + Level 4.4 Long Blades
 + Level 4.4 Axes
 + Level 4.4 Maces & Flails
 + Level 4.4 Polearms
 + Level 4.4 Staves
 + Level 4.4 Slings
 + Level 4.4 Bows
 + Level 4.4 Crossbows
 + Level 4.4 Throwing
 + Level 4.4 Armour
 + Level 6.4 Dodging
 + Level 4.4 Stealth
 + Level 4.4 Shields
 + Level 8.0 Unarmed Combat
 + Level 6.7 Spellcasting
 + Level 3.6 Conjurations
 + Level 3.6 Hexes
 + Level 3.6 Charms
 + Level 3.6 Summonings
 + Level 3.6 Necromancy
 + Level 3.6 Translocations
 + Level 5.3 Transmutations
 + Level 3.6 Fire Magic
 + Level 3.6 Ice Magic
 + Level 3.6 Air Magic
 + Level 3.6 Earth Magic
 + Level 3.6 Poison Magic
 + Level 4.9 Invocations
 + Level 4.4 Evocations


You had 10 spell levels left.
You knew the following spells:

 Your Spells              Type           Power        Failure   Level  Hunger
e - Beastly Appendage     Tmut           ####..       4%          1    None
h - Blade Hands           Tmut           ####......   47%         5    #####..
k - Sticks to Snakes      Tmut           ####....     6%          2    None
p - Spider Form           Tmut/Pois      ####......   13%         3    #......


Dungeon Overview and Level Annotations

Branches:
Dungeon (11/15)            Temple (1/1) D:4
   Lair: D:8-11         Orc: D:9-12

Altars:
Ashenzari
Cheibriados
Dithmenos
Kikubaaqudgha
Okawaru
Ru
Xom
Zin

Shops:
D:11 =

Annotations:
D:4 Iko's ghost, amateur OpFi
D:6 Cryoshakespeare's ghost, novice OgBe


Innate Abilities, Weirdness & Mutations

Your experience applies equally to all skills.
((You have very sharp teeth.))
Your uncanny sense of smell can sniff out nearby items.


Message History

The quasit closely misses you.
A deep elf mage comes into view. It is wielding an enchanted long sword.
The deep elf mage casts a spell.
You hit the quasit but do no damage. The quasit misses you.
You block the quasit's attack. x2
A centaur comes into view.
The centaur wields a shortbow.
The centaur shoots an arrow.
You reflect the arrow off an invisible shield around you!
The arrow hits the centaur but does no damage.
The quasit bites you. You block the quasit's attack.
The quasit closely misses you.
A deep elf mage comes into view. It is wielding an antimagic rapier.
The deep elf mage mumbles some strange words.
The deep elf mage conjures a globe of magical energy!
A battlesphere comes into view.
Unknown command.
A centaur comes into view.
The centaur moves out of view.
The centaur shoots an arrow.
The arrow completely misses you. You block the quasit's attack.
The quasit misses you. You block the quasit's attack.
You see here an arrow.
You block the quasit's attack. x2; The quasit completely misses you.
The bullfrog croaks.
The quasit closely misses you. The quasit claws you.
You feel clumsy. The quasit closely misses you.
The centaur shoots an arrow.
The arrow hits you!
An orc comes into view. It is wielding a flail.
Things that are here:
an arrow; 14 gold pieces The orc shouts!
The centaur shoots an arrow.
The arrow hits you!
* * * LOW HITPOINT WARNING * * *
The quasit barely misses you.
The quasit claws you but does no damage.
The quasit closely misses you.
You see here an arrow.
The centaur shoots an arrow.
The arrow barely misses you. The bullfrog misses you.
Found a potion of curing.
You see here an arrow.
You block the bullfrog's attack.
A yak comes into view.
As you read the scroll of teleportation, it crumbles to dust.
You feel strangely unstable. You block the bullfrog's attack.
The bullfrog completely misses you. You block the bullfrog's attack.
You closely miss the bullfrog. The bullfrog closely misses you.
You hit the bullfrog but do no damage. Your bite misses the bullfrog.
The bullfrog barely misses you.
You hit the yak.
The yak is lightly wounded.
The bullfrog misses you. The yak gores you!
* * * LOW HITPOINT WARNING * * *
Wield which item (- for none, * to show all)? (? for menu, Esc to quit)
You hear the crackle of electricity.
r - a +1 falchion of electrocution (weapon)
Your surroundings suddenly seem different.
Found a conspicuous book.
An orc comes into view.
The orc closely misses you.
You riposte.
You hit the orc.
The orc is heavily wounded.
The orc closely misses you.
Unknown command.
You see here the Catalogue of Creative Heat.
Unknown command.
You hit the orc but do no damage.
The orc is heavily wounded.
The orc misses you.
Unknown command.
Casting: Blade Hands
Confirm with . or Enter, or press ? or * to list all spells.
You turn into a venomous arachnid creature.
Your +1 falchion of electrocution melds into your body.
Your +0 pair of gloves melds into your body.
Your +0 buckler melds into your body.
Your +0 robe melds into your body.
Your +1 falchion of electrocution stops crackling.
The centaur shouts!
The orc completely misses you.
Unknown command.
You bite the orc!
You kill the orc!
Cheibriados thoroughly appreciates the change of pace.
The centaur wields a shortbow.
The centaur shoots an arrow.
The arrow hits you!
* * * LOW HITPOINT WARNING * * *
Okay, then.
The centaur unwields an uncursed shortbow.
The centaur closely misses you. The centaur completely misses you.
You see here a chain mail.
Unknown command.
You bite the centaur!
The centaur is poisoned.
The centaur is heavily wounded.
The centaur misses you.
The centaur unwields an uncursed shortbow.
The centaur completely misses you.
Unknown command.
You barely miss the centaur.
The centaur is heavily wounded.
The centaur completely misses you. x2
The centaur wields an uncursed shortbow.
The centaur shoots an arrow.
The arrow misses you. The centaur hits you!
You die...

#..#######.........###
#!...Y.FcE.#...........
#.#######e*#.......####
..o...(§.........#
########§.......##
#.§#####.... ##.##.(.
#.## #..#.#.# .#
#.(.*...#s# #
#.##..#.#c#.# #
##.##.c.# #..##### #..
#.# #..


You could see 2 centaurs.

Vanquished Creatures
  14 yaks
  A sky beast (D:9)
  3 centaurs
  3 bullfrogs
  2 crimson imps (D:8)
  A hound (D:10)
  A bullfrog skeleton (D:9)
  2 orc wizards
  2 worker ants
  A gnoll (D:3)
  A howler monkey skeleton (D:4)
  3 adders
  A shadow imp (D:9)
  An adder skeleton (D:8)
  An adder zombie (D:7)
  A worm (D:3)
  9 orcs
  A giant cockroach (D:2)
  2 goblins (D:3)
  5 hobgoblins
  3 jackals (D:3)
  2 kobolds
  2 quokkas (D:4)
  2 bats
  A frilled lizard (D:2)
  3 rats
68 creatures vanquished.

Vanquished Creatures (collateral kills)
  A bullfrog (D:6)
  A scorpion (D:6)
  An orc wizard (D:11)
  2 orcs
5 creatures vanquished.

Vanquished Creatures (others)
  2 yaks (D:9)
  A centaur (D:11)
  An orc priest (D:11)
  An adder skeleton (D:6)
5 creatures vanquished.

Grand Total: 78 creatures vanquished

Notes
Turn   | Place    | Note
-------+----------+-------------------------------------------
     0 | D:1      | tidbits the Gnoll Transmuter began the quest for the Orb.
     0 | D:1      | Reached XP level 1. HP: 17/17 MP: 6/6
   105 | D:2      | Reached XP level 2. HP: 23/23 MP: 5/7
   109 | D:2      | Learned a level 2 spell: Sticks to Snakes
   260 | D:3      | Reached skill level 5 in Spellcasting
   260 | D:3      | Reached XP level 3. HP: 26/28 MP: 2/9
   265 | D:3      | Learned a level 3 spell: Spider Form
   316 | D:3      | Reached skill level 1 in Short Blades
   316 | D:3      | Reached skill level 1 in Long Blades
   316 | D:3      | Reached skill level 1 in Axes
   316 | D:3      | Reached skill level 1 in Maces & Flails
   316 | D:3      | Reached skill level 1 in Polearms
   316 | D:3      | Reached skill level 1 in Staves
   316 | D:3      | Reached skill level 1 in Slings
   316 | D:3      | Reached skill level 1 in Bows
   316 | D:3      | Reached skill level 1 in Crossbows
   316 | D:3      | Reached skill level 1 in Throwing
   316 | D:3      | Reached skill level 1 in Armour
   316 | D:3      | Reached skill level 1 in Stealth
   316 | D:3      | Reached skill level 1 in Shields
   316 | D:3      | Reached skill level 1 in Invocations
   316 | D:3      | Reached skill level 1 in Evocations
   322 | D:3      | Reached XP level 4. HP: 32/34 MP: 2/11
   407 | D:4      | Noticed Iko's ghost (amateur OpFi)
   415 | D:5      | Entered Level 5 of the Dungeon
   439 | D:4      | Found a staircase to the Ecumenical Temple.
   448 | D:4      | Reached skill level 1 in Conjurations
   448 | D:4      | Reached skill level 1 in Hexes
   448 | D:4      | Reached skill level 1 in Charms
   448 | D:4      | Reached skill level 1 in Summonings
   448 | D:4      | Reached skill level 1 in Necromancy
   448 | D:4      | Reached skill level 1 in Translocations
   448 | D:4      | Reached skill level 1 in Fire Magic
   448 | D:4      | Reached skill level 1 in Ice Magic
   448 | D:4      | Reached skill level 1 in Air Magic
   448 | D:4      | Reached skill level 1 in Earth Magic
   448 | D:4      | Reached skill level 1 in Poison Magic
   462 | Temple   | Entered the Ecumenical Temple
   498 | Temple   | Became a worshipper of Cheibriados the Contemplative
   606 | D:6      | Reached XP level 5. HP: 36/40 MP: 8/12
   620 | D:6      | Found a shadowy altar of Dithmenos.
   633 | D:6      | Found a glowing silver altar of Zin.
   645 | D:6      | Noticed Cryoshakespeare's ghost (novice OgBe)
   645 | D:6      | Reached skill level 3 in Fighting
   645 | D:6      | Reached skill level 4 in Transmutations
   647 | D:6      | Reached XP level 6. HP: 47/47 MP: 8/13
   719 | D:7      | Reached skill level 2 in Invocations
   752 | D:6      | Noticed a two-headed ogre
   756 | D:6      | Reached skill level 5 in Dodging
   765 | D:6      | Reached skill level 2 in Short Blades
   765 | D:6      | Reached skill level 2 in Long Blades
   765 | D:6      | Reached skill level 2 in Axes
   765 | D:6      | Reached skill level 2 in Maces & Flails
   765 | D:6      | Reached skill level 2 in Polearms
   765 | D:6      | Reached skill level 2 in Staves
   765 | D:6      | Reached skill level 2 in Slings
   765 | D:6      | Reached skill level 2 in Bows
   765 | D:6      | Reached skill level 2 in Crossbows
   765 | D:6      | Reached skill level 2 in Throwing
   765 | D:6      | Reached skill level 2 in Armour
   765 | D:6      | Reached skill level 2 in Stealth
   765 | D:6      | Reached skill level 2 in Shields
   765 | D:6      | Reached skill level 2 in Evocations
   965 | D:8      | Reached * piety under Cheibriados
   967 | D:8      | Reached XP level 7. HP: 52/52 MP: 7/15
  1009 | D:8      | Noticed a hog
  1009 | D:8      | Noticed a human
  1009 | D:8      | Noticed a hog
  1009 | D:8      | Noticed a hog
  1010 | D:8      | Noticed a hog
  1021 | D:8      | Noticed a two-headed ogre
  1030 | D:9      | Reached skill level 7 in Unarmed Combat
  1035 | D:9      | Reached skill level 2 in Conjurations
  1035 | D:9      | Reached skill level 2 in Hexes
  1035 | D:9      | Reached skill level 2 in Charms
  1035 | D:9      | Reached skill level 2 in Summonings
  1035 | D:9      | Reached skill level 2 in Necromancy
  1035 | D:9      | Reached skill level 2 in Translocations
  1035 | D:9      | Reached skill level 2 in Fire Magic
  1035 | D:9      | Reached skill level 2 in Ice Magic
  1035 | D:9      | Reached skill level 2 in Air Magic
  1035 | D:9      | Reached skill level 2 in Earth Magic
  1035 | D:9      | Reached skill level 2 in Poison Magic
  1080 | D:9      | Noticed a yak
  1080 | D:9      | Noticed a yak
  1081 | D:9      | Noticed a yak
  1081 | D:9      | Noticed a yak
  1081 | D:9      | Noticed a yak
  1082 | D:9      | Noticed a yak
  1099 | D:9      | Learned a level 5 spell: Blade Hands
  1105 | D:9      | Killed a yak
  1110 | D:9      | Killed a yak
  1110 | D:9      | Reached skill level 3 in Invocations
  1110 | D:9      | Reached XP level 8. HP: 34/60 MP: 11/16
  1113 | D:9      | Killed a yak
  1113 | D:9      | Reached skill level 4 in Fighting
  1113 | D:9      | Reached skill level 3 in Short Blades
  1113 | D:9      | Reached skill level 3 in Long Blades
  1113 | D:9      | Reached skill level 3 in Axes
  1113 | D:9      | Reached skill level 3 in Maces & Flails
  1113 | D:9      | Reached skill level 3 in Polearms
  1113 | D:9      | Reached skill level 3 in Staves
  1113 | D:9      | Reached skill level 3 in Slings
  1113 | D:9      | Reached skill level 3 in Bows
  1113 | D:9      | Reached skill level 3 in Crossbows
  1113 | D:9      | Reached skill level 3 in Throwing
  1113 | D:9      | Reached skill level 3 in Armour
  1113 | D:9      | Reached skill level 3 in Stealth
  1113 | D:9      | Reached skill level 3 in Shields
  1113 | D:9      | Reached skill level 3 in Evocations
  1116 | D:9      | Killed a yak
  1116 | D:9      | Reached skill level 6 in Spellcasting
  1133 | D:10     | Entered Level 10 of the Dungeon
  1165 | D:10     | Noticed a yak
  1165 | D:10     | Noticed a yak
  1165 | D:10     | Noticed a yak
  1171 | D:10     | Noticed a yak
  1172 | D:10     | Killed a yak
  1182 | D:10     | Killed a yak
  1186 | D:10     | Killed a yak
  1186 | D:10     | Reached skill level 3 in Conjurations
  1186 | D:10     | Reached skill level 3 in Hexes
  1186 | D:10     | Reached skill level 3 in Charms
  1186 | D:10     | Reached skill level 3 in Summonings
  1186 | D:10     | Reached skill level 3 in Necromancy
  1186 | D:10     | Reached skill level 3 in Translocations
  1186 | D:10     | Reached skill level 3 in Fire Magic
  1186 | D:10     | Reached skill level 3 in Ice Magic
  1186 | D:10     | Reached skill level 3 in Air Magic
  1186 | D:10     | Reached skill level 3 in Earth Magic
  1186 | D:10     | Reached skill level 3 in Poison Magic
  1186 | D:10     | Reached skill level 4 in Invocations
  1204 | D:9      | HP: 3/61 [something (6)]
  1211 | D:9      | HP: 2/61 [sky beast (6)]
  1213 | D:9      | Reached skill level 6 in Dodging
  1213 | D:9      | Reached XP level 9. HP: 12/66 MP: 12/18
  1240 | D:10     | HP: 3/66 [yak (16)]
  1241 | D:10     | Reached skill level 5 in Transmutations
  1288 | D:11     | Found Meushroh's Jewellery Shop.
  1310 | D:11     | Reached skill level 4 in Short Blades
  1310 | D:11     | Reached skill level 4 in Long Blades
  1310 | D:11     | Reached skill level 4 in Axes
  1310 | D:11     | Reached skill level 4 in Maces & Flails
  1310 | D:11     | Reached skill level 4 in Polearms
  1310 | D:11     | Reached skill level 4 in Staves
  1310 | D:11     | Reached skill level 4 in Slings
  1310 | D:11     | Reached skill level 4 in Bows
  1310 | D:11     | Reached skill level 4 in Crossbows
  1310 | D:11     | Reached skill level 4 in Throwing
  1310 | D:11     | Reached skill level 4 in Armour
  1310 | D:11     | Reached skill level 4 in Stealth
  1310 | D:11     | Reached skill level 4 in Shields
  1310 | D:11     | Reached skill level 4 in Evocations
  1325 | D:11     | Reached skill level 5 in Fighting
  1329 | D:11     | HP: 4/68 [yak (13)]
  1343 | D:11     | Reached skill level 8 in Unarmed Combat
  1347 | D:11     | Reached ** piety under Cheibriados
  1385 | D:11     | Noticed a deep elf mage
  1387 | D:11     | Noticed a deep elf mage
  1400 | D:11     | Identified the Catalogue of Creative Heat
  1403 | D:11     | HP: 2/68 [centaur/arrow (9)]
  1407 | D:11     | Mangled by a centaur

Skill      XL: |  1  2  3  4  5  6  7  8  9 |
---------------+----------------------------+-----
Spellcasting   | 5 6 |  6.7
Short Blades   | 1 2 3 4 |  4.4
Long Blades    | 1 2 3 4 |  4.4
Axes           | 1 2 3 4 |  4.4
Maces & Flails | 1 2 3 4 |  4.4
Polearms       | 1 2 3 4 |  4.4
Staves         | 1 2 3 4 |  4.4
Slings         | 1 2 3 4 |  4.4
Bows           | 1 2 3 4 |  4.4
Crossbows      | 1 2 3 4 |  4.4
Throwing       | 1 2 3 4 |  4.4
Armour         | 1 2 3 4 |  4.4
Stealth        | 1 2 3 4 |  4.4
Shields        | 1 2 3 4 |  4.4
Invocations    | 1 2 3 4 |  4.9
Evocations     | 1 2 3 4 |  4.4
Conjurations   | 1 2 3 |  3.6
Hexes          | 1 2 3 |  3.6
Charms         | 1 2 3 |  3.6
Summonings     | 1 2 3 |  3.6
Necromancy     | 1 2 3 |  3.6
Translocations | 1 2 3 |  3.6
Fire Magic     | 1 2 3 |  3.6
Ice Magic      | 1 2 3 |  3.6
Air Magic      | 1 2 3 |  3.6
Earth Magic    | 1 2 3 |  3.6
Poison Magic   | 1 2 3 |  3.6
Fighting       | 3 4 5 |  5.2
Transmutations | 4 5 |  5.3
Dodging        | 5 6 |  6.4
Unarmed Combat | 7 8 |  8.0

Action                   |  1- 3 |  4- 6 |  7- 9 || total
-------------------------+-------+-------+-------++-------
Melee: Unarmed           |    39 |    53 |    84 ||   176
       Kick              |     2 |     1 |     3 ||     6
       Headbutt          |     2 |       |       ||     2
       Punch             |     1 |     1 |     2 ||     4
       Falchion          |       |    15 |     8 ||    23
       Bite              |       |     2 |     9 ||    11
       Dagger            |       |       |     4 ||     4
 Cast: Beastly Appendage |    13 |     7 |     1 ||    21
       Sticks to Snakes  |     4 |     2 |     1 ||     7
       Spider Form       |     1 |     8 |     5 ||    14
       Blade Hands       |       |       |     5 ||     5
 Abil: End Transformatio |       |     1 |     2 ||     3
Evoke: Wand              |       |     4 |     9 ||    13
  Use: Scroll            |       |     6 |     1 ||     7
       Potion            |       |     1 |    11 ||    12
  Eat: Chunk             |       |     1 |     1 ||     2
       Ration            |       |       |     1 ||     1
Armor: Robe              |    11 |     2 |     4 ||    17
       Skin              |       |     1 |     1 ||     2
Dodge: Dodged            |    17 |    63 |    86 ||   166
Block: Other             |     5 |     6 |    12 ||    23
       Reflection        |       |     1 |     1 ||     2
       Buckler           |       |       |    14 ||    14
       Rpst.: Falchion   |       |     3 |     4 ||     7

Table legend:
 A = Turns spent in this place as a percentage of turns spent in the entire game.
 B = Non-inter-level travel turns spent in this place as a percentage of non-inter-level travel turns spent in the entire game.
 C = Inter-level travel turns spent in this place as a percentage of turns spent in this place.
 D = Turns resting spent in this place as a percentage of non-inter-level travel turns spent in this place.
 E = Turns spent auto-exploring this place as a percentage of non-inter-level travel turns spent in this place.
 F = Non-inter-level travel turns spent in this place divided by the number of levels of this place that you've seen.
                   A       B       C       D       E      F
               +-------+-------+-------+-------+-------+----------------------
         Total | 100.0 | 100.0 |   0.0 |   0.0 |   0.0 | 117.2
       Dungeon |  96.7 |  96.7 |   0.0 |   0.0 |   0.0 | 123.6
        Temple |   3.3 |   3.3 |   0.0 |   0.0 |   0.0 |  47.0
               +-------+-------+-------+-------+-------+----------------------

Table legend:
 A = Kills in this place as a percentage of kills in entire the game.
 B = Kills by you in this place as a percentage of kills by you in the entire game.
 C = Kills by friends in this place as a percentage of kills by friends in the entire game.
 D = Other kills in this place as a percentage of other kills in the entire game.
 E = Experience gained in this place as a percentage of experience gained in the entire game.
 F = Experience gained in this place divided by the number of levels of this place that you have seen.
                   A       B       C       D       E      F
               +-------+-------+-------+-------+-------+----------------------
         Total | 100.0 | 100.0 | 100.0 |   N/A | 100.0 | 329.8
       Dungeon | 100.0 | 100.0 | 100.0 |   N/A | 100.0 | 359.7
               +-------+-------+-------+-------+-------+----------------------

Vault maps used:
D:1:      lightli_arrival_boilingwater, minmay_crystal_water
D:2:      first_ration
D:3:      feat_on_display, uniq_robin
D:4:      minmay_temple_entry_purple_smoke, serial_shops, shop,
          cheibrodos_gnoll_hut
D:5:      grunt_temple_overflow_holy_war, portal_sewer_entry_b
D:6:      kennysheep_mini, marbit_many_paths, old_standard_altar,
          overflow_temple_1_default, kennysheep_generic_room_3
D:7:      grunt_temple_overflow_open, serial_bayou_pond_d, st_stairs_13
D:8:      lemuel_doored_altar, kennysheep_little_box,
          makhleb_blood_cavern_becter, grunt_livestock
D:9:      serial_shops, shop, corner_web_ring, nemelex_spade_bored_becter
D:10:     uniq_gastronok
D:11:     serial_shops, nicolae_shop_trees, minmay_checkerbox
Temple:   nicolae_temple_figure_zero
